 Dungeon Crawl Stone Soup version 0.29.1-12-g30fa7ad0bf (webtiles) character file.

Game seed: 15909368027751710187

12 Radix the Trooper (level 2, -1/27 HPs)
             Began as a Hill Orc Abyssal Knight on Jan 7, 2023.
             Was a Believer of Lugonu.
             Succumbed to a kobold's poison
             ... on level 1 of the Dungeon.
             The game lasted 00:02:42 (298 turns).

Radix the Trooper (Hill Orc Abyssal Knight)          Turns: 298, Time: 00:02:43

Health: -1/27      AC:  3    Str: 15    XL:     2   Next: 33%
Magic:  3/3        EV: 11    Int: 10    God:    Lugonu [**....]
Gold:   7          SH:  0    Dex: 11    Spells: 1/1 levels left

rFire   . . .      SeeInvis .   a - +1 hand axe
rCold   . . .      Faith    .   (no shield)
rNeg    . . .      Spirit   .   b - +0 leather armour
rPois   .          Reflect  .   (no helmet)
rElec   .          Harm     .   (no cloak)
rCorr   .          Rampage  .   (no gloves)
Will    .....                   (no boots)
Stlth   +.........              (no amulet)
HPRegen 0.09/turn               (no ring)
MPRegen 0.08/turn               (no ring)

@: lethally poisoned (-1 -> -22)
A: no striking features
a: Renounce Religion, Depart the Abyss, Bend Space


You were on level 1 of the Dungeon.
You worshipped Lugonu.
Lugonu was pleased with you.
You visited 1 branch of the dungeon, and saw 1 of its levels.
You visited the Abyss 1 time.

You collected 7 gold pieces.

Inventory:

Hand Weapons
 a - a +1 hand axe (weapon)
Missiles
 h - 4 poisoned darts
Armour
 b - a +0 leather armour (worn)
Scrolls
 f - a scroll of poison {unknown}
 i - a scroll of enchant armour {unknown}
Potions
 c - a potion of degeneration {unknown}
 d - a potion of cancellation {unknown}
 e - a potion of haste {unknown}
 g - 2 potions of attraction {unknown}


   Skills:
 + Level 4.1 Fighting
 + Level 3.3 Axes
 - Level 2.1 Armour
 - Level 0.7 Dodging
 - Level 2.4 Invocations


You had one spell level left.
You didn't know any spells.
Your spell library was empty.

Dungeon Overview and Level Annotations

Branches:
Dungeon (1/15)

Altars:


Message History

The dart slug is lightly wounded.
The kobold throws a stone.
The stone hits you but does no damage. The dart slug closely misses you.
The kobold throws a stone.
The stone barely misses you.
You hit the dart slug.
The dart slug is moderately wounded.
The dart slug misses you.
You hit the dart slug.
The dart slug is severely wounded.
You closely miss the kobold.
The kobold hits you with a +1 dagger of venom.
You are poisoned.
The dart slug launches a dart at you. The slug dart hits you.
You hit the kobold. Your punch misses the kobold.
The kobold is heavily wounded.
You hit the dart slug but do no damage.
You feel sick.
The kobold hits you with a +1 dagger of venom.
You are more poisoned.
You hit the kobold.
The kobold is severely wounded.
You hit the dart slug.
You feel very sick. The dart slug launches a dart at you.
The slug dart hits you. The kobold hits you but does no damage.
You are more poisoned.
You barely miss the kobold.
The kobold is severely wounded.
You hit the dart slug.
You kill the dart slug!
Lugonu accepts your kill.
* * * LOW HITPOINT WARNING * * *
You feel very sick.
The kobold hits you with a +1 dagger of venom.
* * * LOW HITPOINT WARNING * * *
You are more poisoned.
You hit the kobold.
You kill the kobold!
Lugonu accepts your kill.
You die...

.....# ...... ...... ......###
###### .......)# #.....
........# ######..... ......))#
#....#.....
.......@######....#.....
+##...............#.....
#.............###.....
#..................... .
#####......).......... #. ..
#................. .. .### ..
#.............#### #.. #...###
.#............[....
..##.....###.......†.).....####


There were no monsters in sight!

Vanquished Creatures
  A dart slug (D:1)
  A goblin (D:1)
  3 kobolds (D:1)
  A quokka (D:1)
  3 ball pythons (D:1)
  A bat (D:1)
10 creatures vanquished.

Notes
Turn   | Place    | Note
-------+----------+-------------------------------------------
     0 | Abyss:1  | Radix the Hill Orc Abyssal Knight began the quest for the
                  | Orb.
     0 | Abyss:1  | Reached XP level 1. HP: 19/19 MP: 2/2
     5 | Abyss:1  | Noticed a neqoxec
    11 | D:1      | Escaped the Abyss
   122 | D:1      | Reached XP level 2. HP: 21/27 MP: 3/3
   194 | D:1      | Reached skill level 4 in Fighting
   298 | D:1      | Succumbed to a kobold's poison

Illustrated notes

Levels and vault maps discovered:
D:1:      spicycebolla_green_bress_n_ham, layout_basic

Skill      XL: |  1  2 |
---------------+-------+-----
Axes           | 3 |  3.3
Fighting       | 4 |  4.1
Armour         | |  2.1
Dodging        | |  0.7
Invocations    | |  2.4

Action                   || total
-------------------------++-------
Melee: Hand axe          ||    29
       Punch             ||     1
Armor: Leather armour    ||    12
Dodge: Dodged            ||    21
